 Dungeon Crawl Stone Soup version 0.32-a0-290-g598725c5f2 (webtiles) character file.

Game seed: 5421315599451243786

36753 Dittersdorf the Protected (level 13, -1/86 (88) HPs)
             Began as a Gargoyle Fighter on Feb 13, 2024.
             Was an Initiate of Gozag.
             Slain by a wraith (4 damage)
             ... led by Josephine
             ... on level 5 of the Lair of Beasts.
             The game lasted 00:22:04 (15707 turns).

Dittersdorf the Protected (Gargoyle Fighter)       Turns: 15707, Time: 00:22:04

HP:   -1/86 (88)    AC:  0    Str: 26    XL:     13   Next: 92%
MP:   13/13         EV: 13    Int:  8    God:    Gozag
Gold: 3759          SH:  0    Dex:  9    Spells: 12/12 levels left

rFire   . . .        z - melded +0 morningstar
rCold   . . .        i - melded +0 tower shield
rNeg    + . .        A - melded +8 orange crystal plate armour {Archmagi, Int+3 Clar}
rPois   ∞            M - melded +1 helmet
rElec   .            L - melded +2 cloak
rCorr   .            e - melded +0 pair of gloves
SInv    .            J - melded +0 pair of boots
Will    .....        C - amulet of regeneration
Stlth   +            c - melded ring of resist corrosion
HPRegen 1.14/turn    E - melded +5 ring of evasion
MPRegen 0.13/turn

%: no passive effects
@: pig-form, slowed, lightly drained
A: fast, no casting, sickness immunity, AC +9, small, negative energy resistance
1, (electricity resistance), torment resistance 1, petrification resistance
a: Renounce Religion, Potion Petition, Call Merchant, Bribe Branch


You were on level 5 of the Lair of Beasts.
You worshipped Gozag.
Gozag was most pleased with you.
You were a filthy swine.
You visited 3 branches of the dungeon, and saw 16 of its levels.
You also visited: Sewer and Bailey.

You collected 3831 gold pieces.
You paid 72 gold pieces to Gozag.

Inventory:

Hand Weapons
 z - a +0 morningstar (melded)
Missiles
 b - a curare-tipped dart (quivered)
 K - 2 throwing nets
Armour
 a - a +3 chain mail of fire resistance
 e - a +0 pair of gloves (melded)
 i - a +0 tower shield (melded)
 A - the +8 orange crystal plate armour (melded) {Archmagi, Int+3 Clar}
   (You found it in a bailey)

   Int+3:     It affects your intelligence (+3).
   Clar:      It protects you from confusion, rage, mesmerisation and fear.
 J - a +0 pair of boots (melded)
 L - a +2 cloak (melded)
 M - a +1 helmet (melded)
Jewellery
 c - a ring of resist corrosion (melded)
 q - a ring of ice
 x - a ring of positive energy
 y - a ring of fire
 C - an amulet of regeneration (around neck)
 E - a +5 ring of evasion (melded)
 F - a ring of magical power
Scrolls
 j - a scroll of silence
 l - 2 scrolls of enchant weapon
 n - 3 scrolls of enchant armour
 p - 7 scrolls of teleportation
 t - 3 scrolls of revelation
 w - a scroll of fear
 B - 4 scrolls of identify
 G - a scroll of fog
 H - 3 scrolls of poison
 I - a scroll of amnesia
Potions
 d - 2 potions of might
 f - 4 potions of curing
 g - 2 potions of cancellation
 k - 3 potions of mutation
 m - a potion of invisibility
 o - 2 potions of brilliance
 r - 5 potions of magic
 s - 5 potions of haste
 u - 2 potions of heal wounds
 v - 3 potions of resistance
 D - a potion of ambrosia
 N - a potion of enlightenment


   Skills:
 + Level 13.4 Fighting
 + Level 12.1 Maces & Flails
 + Level 13.4 Armour
 + Level 13.4 Shields


You had 12 spell levels left.
You didn't know any spells.
Your spell library contained the following spells:

 Spells                   Type           Power      Damage    Failure   Level
 Frozen Ramparts          Ice            0%         1d1       78%         3
 Fugue of the Fallen      Necr           0%         N/A       78%         3
 Ozocubu's Armour         Ice            0%         N/A       78%         3
 Anguish                  Hex/Necr       0%         N/A       99%         4
 Animate Armour           Summ/Erth      0%         N/A       99%         4
 Cause Fear               Hex            0%         N/A       99%         4
 Leda's Liquefaction      Alch/Erth      0%         N/A       99%         4
 Manifold Assault         Tloc           0%         N/A       99%         4
 Petrify                  Alch/Erth      0%         N/A       99%         4
 Summon Lightning Spire   Summ/Air       0%         N/A       99%         4
 Lee's Rapid Deconstruct  Erth           0%         3d4*      100%        5
 Metabolic Englaciation   Hex/Ice        0%         N/A       100%        5
 Enfeeble                 Hex            0%         N/A       100%        7


Dungeon Overview and Level Annotations

Branches:
Dungeon (10/15)            Temple (1/1) D:4            Lair (5/5) D:9
  Swamp (0/4) Lair:2        Snake (0/4) Lair:2        Slime (0/5) Lair:4
  Sewer (visited)          Bailey (visited)
    Orc: D:9-12

Altars:
Ashenzari
Cheibriados
Dithmenos
Elyvilon
Fedhas
Gozag
Hepliaklqana
Kikubaaqudgha
Makhleb
Nemelex Xobeh
Okawaru
Qazlal
Ru
Sif Muna
Trog
Uskayaw
Vehumet
Wu Jian
Xom
Yredelemnul
Zin
The Shining One
Jiyva

Shops:
D:4 *

Annotations:
Lair:2 3 runed translucent doors, Couk's ghost, journeyman MiFi; Emamov's ghost, journeyman OpFE; jamsaran's ghost, journeyman DgFE
Lair:5 Josephine; Kirke


Innate Abilities, Weirdness & Mutations

You are a filthy swine.
You move quickly.
Your equipment is almost entirely melded.
You are incapable of wielding weapons or throwing items.
You cannot cast spells.
You are immune to sickness and miasma.
((Your stone body is resilient. (AC +9)))
You are immune to poison.
You resist negative energy. (rN+)
((You are resistant to electric shocks. (rElec)))
You are resistant to unholy torment.
You are immune to petrification.


Message History

You are too injured to fight recklessly!
You are too injured to fight recklessly!
You are too injured to fight recklessly!
You are too injured to fight recklessly!
You are too injured to fight recklessly!
You are too injured to fight recklessly!
You are too injured to fight recklessly!
You are too injured to fight recklessly!
You are too injured to fight recklessly!
The wraith barely misses you. Josephine misses you.
The wraith attacks as it pursues you! The wraith hits you.
Josephine grins evilly.
Josephine attacks as she pursues you! Josephine hits you with a +0 dagger.
Josephine gestures at you while chanting.
The ghostly flame explodes!
The ghostly fireball engulfs the wraith.
The wraith completely resists.
The ghostly fireball engulfs the wraith.
The wraith completely resists.
The ghostly fireball engulfs you! You partially resist.
You feel drained.
* * * LOW HITPOINT WARNING * * *
The ghostly fireball engulfs the wraith.
The wraith completely resists.
The ghostly fireball engulfs Josephine.
Josephine completely resists.
Kirke shouts, "You pig!
I'll make you look the way you deserve."
You hear an angry hiss.
You hear a roar! x2; You hear an angry squeal.
Josephine laughs insanely.
The wraith closely misses you. The wraith attacks as it pursues you!
The wraith barely misses you. The wraith attacks as it pursues you!
The wraith hits you!
* * * LOW HITPOINT WARNING * * *
The wraith drains your vigour!
You feel as though you will be slow longer.
The wraith attacks as it pursues you! The wraith hits you!
* * * LOW HITPOINT WARNING * * *
The wraith drains your vigour!
You feel as though you will be slow longer.
The wraith hits you.
You die...
Your body crumbles into a pile of gold.

..P...#.............
###.P.......##.##.##..
#.#.........P##.#..##.
###.................##..
##.............P#...####.
...........P...##...# #..
.............####...# #..
...........##...#...# ..
...P....h............. .♣
....#.@WW..#..........♣♣
. . ##.....##..........♣
.. ###..@....#.......#..♣
...#.##W.......P......♣♣♣
............##.#......
....^.......#.....(...
........!............
..............~~~~~


You could see Kirke, Josephine and 3 wraiths.

Vanquished Creatures
  Gastronok (D:9)
  Snorg (Lair:5)
  A hydra (Lair:2)
  Erica (D:9)
  4 death yaks (Lair:5)
  Urug (Lair:4)
  Amaemon (Lair:3)
  A swamp dragon (Lair:2)
  A lindwurm (Lair:4)
  Maurice (D:7)
  2 black mambas
  Maggie (Lair:2)
  3 gargoyles
  10 cane toads
  A torpor snail (Lair:3)
  An orange demon (Lair:3)
  A kobold demonologist (D:9)
  4 rime drakes
  4 komodo dragons
  A troll (D:10)
  Grinder (D:5)
  5 polar bears
  A hornet (D:9)
  19 blink frogs
  2 dream sheep (Lair:4)
  Sigmund (D:2)
  3 wyverns
  39 yaks
  3 basilisks
  A vampire (Bailey)
  Eustachio (D:6)
  3 steam dragons
  4 nagas (Lair:2)
  Menkaure (D:6)
  An acid dragon (D:7)
  18 water moccasins
  5 orc warriors
  An ogre (D:5)
  An ice beast (D:6)
  7 black bears
  14 wolves
  5 centaurs
  3 phantoms
  7 bullfrogs
  4 kobold brigands
  4 scorpions
  5 killer bees (D:8)
  7 vampire bats (Bailey)
  An electric eel (Lair:5)
  A howler monkey (D:9)
  6 wolf zombies (Bailey)
  2 jellies
  2 bombardier beetles
  5 hounds
  13 orc priests
  2 hell rats (D:9)
  Jessica (D:2)
  5 iguanas
  6 orc wizards
  A sleepcap (D:6)
  3 river rats (D:9)
  8 adders
  A shadow imp (D:6)
  3 white imps
  4 ufetubi
  2 ribbon worms (D:4)
  3 dart slugs
  25 orcs
  11 ball pythons
  7 endoplasms
  7 giant cockroaches
  10 goblins
  10 hobgoblins
  2 jackals (D:5)
  2 quokkas
  8 bats
  A frilled lizard (D:3)
  19 kobolds
  18 orc zombies (Bailey)
  6 rats
402 creatures vanquished.

Vanquished Creatures (others)
  An orc priest (D:7)
  An orc wizard (D:10)
2 creatures vanquished.

Grand Total: 404 creatures vanquished

Notes
Turn   | Place    | Note
-------+----------+-------------------------------------------
     0 | D:1      | Dittersdorf the Gargoyle Fighter began the quest for the
                  | Orb.
     0 | D:1      | Reached XP level 1. HP: 14/14 MP: 1/1
    80 | D:1      | Reached XP level 2. HP: 19/19 MP: 2/2
   306 | D:1      | Reached XP level 3. HP: 23/23 MP: 3/3
   725 | D:2      | Found a faded altar of an unknown god.
   966 | D:2      | Noticed Sigmund
   976 | D:2      | Killed Sigmund
   977 | D:2      | Reached XP level 4. HP: 23/30 MP: 4/4
   977 | D:2      | Reached XP level 5. HP: 26/34 MP: 5/5
  1106 | D:2      | Noticed Jessica
  1111 | D:2      | Reached XP level 6. HP: 35/39 MP: 6/6
  1116 | D:2      | Killed Jessica
  1693 | D:3      | Found a burning altar of Makhleb.
  2088 | D:4      | Found an iron altar of Okawaru.
  2112 | D:4      | Found a white marble altar of Elyvilon.
  2194 | D:4      | Found a staircase to the Ecumenical Temple.
  2203 | Temple   | Entered the Ecumenical Temple
  2226 | Temple   | Became a worshipper of Gozag Ym Sagoz the Greedy
  2256 | D:4      | Reached skill level 5 in Armour
  2261 | D:4      | Reached skill level 5 in Fighting
  2261 | D:4      | Reached skill level 5 in Shields
  2276 | D:4      | Reached XP level 7. HP: 40/44 MP: 7/7
  2310 | D:4      | Found Zin's Purification Station.
  2316 | D:4      | Found a glowing silver altar of Zin.
  2459 | D:4      | Found a glowing drain.
  2472 | Sewer    | Entered a sewer
  2603 | Sewer    | Reached XP level 8. HP: 51/51 MP: 8/8
  3073 | D:5      | Entered Level 5 of the Dungeon
  3155 | D:5      | Reached skill level 5 in Maces & Flails
  4313 | D:6      | Noticed Grinder
  4333 | D:5      | Paralysed by Grinder for 2 turns
  4344 | D:5      | Killed Grinder
  4345 | D:5      | Reached XP level 9. HP: 44/57 MP: 9/9
  4546 | D:6      | Noticed Eustachio
  4585 | D:6      | Killed Eustachio
  4799 | D:6      | Noticed Menkaure
  4814 | D:6      | Killed Menkaure
  6110 | D:7      | Noticed Maurice
  6129 | D:7      | Something stole a ring of fire
  6131 | D:7      | Something stole a throwing net
  6135 | D:7      | Something stole 650 gold
  6141 | D:7      | Something stole 273 gold
  6153 | D:7      | Something stole a curare-tipped dart
  6658 | D:7      | Reached XP level 10. HP: 59/64 MP: 10/10
  6774 | D:7      | Something stole 75 gold
  6838 | D:7      | Killed Maurice
  7149 | D:8      | Found a flagged portal.
  7200 | Bailey   | Entered a bailey
  7279 | Bailey   | Noticed a gargoyle
  7295 | Bailey   | Killed a gargoyle
  8069 | Bailey   | Found the +8 orange crystal plate armour {Archmagi, Int+3
                  | Clar}
  9181 | D:8      | Reached XP level 11. HP: 71/71 MP: 11/11
  9607 | D:9      | Noticed Gastronok
  9629 | D:9      | Killed Gastronok
  9630 | D:9      | Reached skill level 10 in Fighting
  9630 | D:9      | Reached skill level 10 in Armour
  9630 | D:9      | Reached skill level 10 in Shields
  9840 | D:9      | Found a staircase to the Lair.
  9854 | D:9      | Noticed Erica
  9873 | D:9      | Killed Erica
 10221 | D:10     | Entered Level 10 of the Dungeon
 10486 | D:10     | Found a snail-covered altar of Cheibriados.
 10898 | Lair:1   | Entered Level 1 of the Lair of Beasts
 11013 | Lair:1   | Reached XP level 12. HP: 70/79 MP: 12/12
 11429 | Lair:1   | Reached skill level 10 in Maces & Flails
 11682 | Lair:2   | Noticed a seven-headed hydra
 11700 | Lair:2   | Killed a seven-headed hydra
 11743 | Lair:2   | Noticed Maggie
 11761 | Lair:2   | Killed Maggie
 12289 | Lair:2   | Found a staircase to the Snake Pit.
 12675 | Lair:2   | Found a staircase to the Swamp.
 12870 | Lair:2   | Found a runed translucent gate.
 12870 | Lair:2   | Found a runed translucent gate.
 12871 | Lair:2   | Found a runed translucent gate.
 12873 | Lair:2   | Noticed jamsaran's ghost (journeyman DgFE)
 12873 | Lair:2   | Noticed Emamov's ghost (journeyman OpFE)
 12873 | Lair:2   | Noticed Couk's ghost (journeyman MiFi)
 13189 | Lair:3   | Noticed Amaemon
 13319 | Lair:3   | Killed Amaemon
 13320 | Lair:3   | Reached XP level 13. HP: 78/86 MP: 13/13
 13788 | Lair:3   | Identified the +3 buckler of Diluh {Harm rN+ Will+ SInv}
 14410 | Lair:4   | Found a viscous altar of Jiyva.
 14411 | Lair:4   | Found a staircase to the Slime Pits.
 14762 | Lair:4   | Noticed Urug
 14781 | Lair:4   | Killed Urug
 15315 | Lair:5   | Entered Level 5 of the Lair of Beasts
 15474 | Lair:5   | Noticed Snorg
 15498 | Lair:5   | Killed Snorg
 15689 | Lair:5   | Noticed Kirke
 15691 | Lair:5   | Noticed Josephine
 15706 | Lair:5   | HP: 1/86 [wraith[Josephine] (12)]
 15707 | Lair:5   | Slain by a wraith

Illustrated notes

Levels and vault maps discovered:
D:1:      dpeg_arrival_arbitrary_a, layout_loops_ring
D:2:      layout_basic, hellmonk_ecumenical_altar_crossroads, minivault_19,
          nrook_loot_triangle, minmay_pentomino_z2, uniq_jessica, uniq_sigmund
D:3:      layout_loops_ring, bloody_makhleb, minmay_misc_feat_tower
D:4:      layout_cave_pools, zin_purify, okawaru_trees_2,
          mainiacjoe_overflow_small_starburst, minmay_temple_entry_slanted,
          portal_sewer_entry_e
D:5:      layout_basic, chequers_garden, kennysheep_decorative_pillar
D:6:      layout_cave_pools, grunt_decor_arrowhead, st_stairs_1,
          kennysheep_big_empty_room, minmay_starry_boxes, uniq_eustachio,
          uniq_grinder, uniq_menkaure
D:7:      layout_basic, nicolae_hexahallways, nicolae_the_louvre, uniq_maurice
D:8:      layout_basic, serial_glass, glass_columns_b, glass_columns_c,
          enter_bailey_5
D:9:      layout_loops_ring, dpeg_lair_monsters, uniq_gastronok, uniq_erica
D:10:     layout_irregular_city, kennysheep_slug_shrine, serial_park_tiny_1,
          grunt_decor_cap
Temple:   nicolae_temple_bog_church
Lair:1:   layout_regular_city
Lair:2:   layout_cave_pods, mainiacjoe_swamp_entry_lozenge_pond,
          minmay_snake_entry_guardpost_small, gammafunk_ghost_cemetery,
          beast_lair_carwin_9, uniq_maggie
Lair:3:   beast_lair_carwin_large_2, layout_layer_cave,
          infiniplex_staircase_pool_2, uniq_amaemon
Lair:4:   layout_concentric_octagons, slime_entry_1, uniq_urug
Lair:5:   hellmonk_lair_end_abyssal_woods, layout_gridlike, special_room
          [special_room_jelly], gammafunk_lair_bear_cave, uniq_josephine,
          uniq_kirke, uniq_snorg

Skill      XL: |  1  2  3  4  5  6  7  8  9 10 11 12 13 |
---------------+----------------------------------------+-----
Fighting       | 4 5 7 8 9 10 12 13 | 13.4
Maces & Flails | 3 4 5 7 8 9 11 12 | 12.1
Armour         | 4 5 7 8 9 10 12 13 | 13.4
Shields        | 4 5 7 8 9 10 12 13 | 13.4

Action                     |  1- 3 |  4- 6 |  7- 9 | 10-12 | 13-15 || total
---------------------------+-------+-------+-------+-------+-------++-------
  Melee: Flail             |    76 |    83 |   519 |    37 |       ||   715
         Unarmed           |       |       |     5 |    24 |     2 ||    31
         Morningstar       |       |       |       |  1077 |   536 ||  1613
  Throw: Dart              |       |       |       |     1 |     2 ||     3
  Evoke: Wand              |       |       |       |     2 |       ||     2
    Use: Scroll            |     4 |     7 |     7 |     5 |     3 ||    26
         Potion            |       |       |     1 |       |     2 ||     3
   Stab: Distracted        |       |       |     2 |     3 |       ||     5
 Armour: Scale mail        |    52 |    49 |   307 |       |       ||   408
         Plate armour      |       |       |    84 |   149 |       ||   233
         Skin              |       |       |    40 |    32 |    12 ||    84
         Chain mail        |       |       |    18 |    14 |       ||    32
         Crystal plate arm |       |       |       |   833 |   433 ||  1266
  Dodge: Dodged            |    23 |    22 |   146 |   306 |   194 ||   691
  Block: Buckler           |    23 |     4 |       |       |       ||    27
         Tower shield      |       |    47 |   539 |  1382 |   620 ||  2588

Table legend: (Time is in decaauts)
 A = Elapsed time spent in this place.
 B = Non-inter-level travel time spent in this place.
 C = Inter-level travel time spent in this place.
 D = Time resting spent in this place.
 E = Time spent auto-exploring this place.
 F = Levels seen in this place.
 G = Mean time per level.
                   A        B        C        D        E       F      G
               +--------+--------+--------+--------+--------+-----+--------+
         Total |  16289 |  15819 |    470 |   1979 |   8770 |  18 |  904.9 |
       Dungeon |   9968 |   9648 |    320 |   1362 |   5381 |  10 |  996.8 |
        Temple |     46 |      2 |     44 |      0 |      0 |   1 |   46.0 |
          Lair |   4950 |   4844 |    106 |    182 |   3066 |   5 |  990.0 |
         Sewer |    369 |    369 |      0 |      0 |    209 |   1 |  369.0 |
        Bailey |    955 |    955 |      0 |    435 |    114 |   1 |  955.0 |
               +--------+--------+--------+--------+--------+-----+--------+

Top non-repeatable levels by time:
     D:7: 1921 daAuts
  Lair:2: 1639 daAuts
     D:6: 1267 daAuts
     D:5: 1162 daAuts
  Lair:3: 1123 daAuts
     D:8: 1061 daAuts
  Bailey: 955 daAuts
  Lair:4: 954 daAuts
     D:4: 905 daAuts
     D:9: 881 daAuts
  Lair:1: 821 daAuts
     D:1: 749 daAuts
     D:3: 693 daAuts
    D:10: 686 daAuts
     D:2: 639 daAuts
